[Event "M11"]
[Site "?"]
[Date "2021.08.01"]
[Round "1"]
[White "Hartwig, Maik"]
[Black "Hurtak, Otto"]
[Result "1/2-1/2"]
[ECO "A00"]
[WhiteElo "2099"]
[BlackElo "2033"]
[Annotator ",martin-koller@seznam"]
[PlyCount "57"]
[TimeControl "240+2"]

{600MB, Fritz10.ctg} 1. g3 d5 2. Bg2 c5 3. b3 Nf6 4. Bb2 e6 5. e3 Nc6 6. Ne2
Be7 7. d3 b6 8. Nd2 Bb7 9. a3 O-O 10. O-O Qc7 11. h3 Rfd8 12. Qe1 Rac8 13. f4
Na5 14. g4 c4 15. b4 Nc6 16. Bxf6 Bxf6 17. d4 c3 18. Nf3 Ba6 19. Rb1 Bb5 20.
Rb3 Bc4 21. Rb1 b5 22. Rf2 a5 23. Ne5 axb4 24. Nxc6 Qxc6 25. g5 Be7 26. axb4
Bxe2 27. Qxe2 Qc4 28. Qxc4 Rxc4 29. Bf1 1/2-1/2

[Event "M11"]
[Site "?"]
[Date "2021.08.01"]
[Round "1"]
[White "Wüst, Klaus"]
[Black "Hentzgen, Thomas"]
[Result "1/2-1/2"]
[ECO "C18"]
[WhiteElo "1999"]
[BlackElo "2021"]
[Annotator ",martin-koller@seznam"]
[PlyCount "36"]
[TimeControl "240+2"]

{600MB, Fritz10.ctg} 1. e4 e6 2. d4 d5 3. Nc3 Bb4 4. e5 c5 5. a3 Bxc3+ 6. bxc3
Qc7 7. Nf3 b6 8. a4 Ba6 9. Bxa6 Nxa6 10. Ba3 Ne7 11. O-O O-O 12. Qd3 c4 13. Qe3
Nb8 14. Nh4 Nbc6 15. f4 f5 16. exf6 Rxf6 17. g3 Kh8 18. Rae1 Rg8 1/2-1/2

[Event "M11"]
[Site "?"]
[Date "2021.08.01"]
[Round "1"]
[White "Hanl, Frantisek"]
[Black "Hansch, Karsten"]
[Result "1/2-1/2"]
[ECO "B12"]
[WhiteElo "2155"]
[BlackElo "2300"]
[Annotator ",martin-koller@seznam"]
[PlyCount "107"]
[TimeControl "240+2"]

{600MB, Fritz10.ctg} 1. e4 c6 2. d4 d5 3. e5 Bf5 4. Nf3 e6 5. Be2 c5 6. c4 cxd4
7. Nxd4 Bxb1 8. Rxb1 Nc6 9. Nxc6 bxc6 10. Qa4 Qb6 11. b4 Ne7 12. Be3 Qc7 13. b5
Qxe5 14. bxc6 f6 15. cxd5 Nxd5 16. Bd4 Qe4 17. c7+ Kf7 18. O-O Qxe2 19. Rfe1
Qg4 20. h3 Qg5 21. Qd7+ Be7 22. Qxe6+ Kg6 23. Re5 Qxg2+ 24. Kxg2 Nf4+ 25. Kf3
Nxe6 26. Rxe6 Kf7 27. Ra6 Rhc8 28. Rb7 Ke8 29. Raxa7 Rxa7 30. Bxa7 Kd7 31. Bb8
Kc6 32. Rb1 Bc5 33. a4 Bb6 34. Rc1+ Kd7 35. Rg1 g6 36. Rc1 h5 37. Rc2 Ba5 38.
Rc1 Bb6 39. Rd1+ Kc6 40. Rg1 g5 41. Rc1+ Kd5 42. Re1 f5 43. Kg2 h4 44. f3 Kc4
45. Re5 Bxc7 46. Bxc7 Rxc7 47. Rxf5 Kd3 48. f4 Ke4 49. Rxg5 Rc2+ 50. Kf1 Ra2
51. f5 Kf3 52. Ke1 Rxa4 53. Kd2 Ra5 54. Rg4 1/2-1/2

[Event "M11"]
[Site "?"]
[Date "2021.08.01"]
[Round "1"]
[White "Hansch, Stephan"]
[Black "Vesely, Jaromir"]
[Result "1-0"]
[ECO "A94"]
[WhiteElo "2149"]
[BlackElo "1947"]
[Annotator ",martin-koller@seznam"]
[PlyCount "111"]
[TimeControl "240+2"]

{600MB, Fritz10.ctg} 1. d4 e6 2. c4 d5 3. Nf3 f5 4. g3 Nf6 5. Bg2 c6 6. O-O Bd6
7. b3 O-O 8. Ba3 Bxa3 9. Nxa3 Qe7 10. Nc2 Bd7 11. Nce1 Be8 12. Nd3 Nbd7 13. Qc2
Bh5 14. Nfe5 Nxe5 15. dxe5 Ne4 16. f3 Nc5 17. cxd5 Nxd3 18. d6 Qd8 19. Qxd3
Qb6+ 20. e3 f4 21. gxf4 Rxf4 22. Kh1 Bg6 23. Qc3 Rh4 24. Rad1 Rf8 25. f4 Rf5
26. d7 Qd8 27. Qa5 b6 28. Qxa7 Rfh5 29. Qb8 Rxh2+ 30. Kg1 Qxb8 31. d8=Q+ Qxd8
32. Rxd8+ Kf7 33. Rfd1 Rxg2+ 34. Kxg2 Be4+ 35. Kg3 Bd5 36. Rd7+ Kg6 37. R1xd5
cxd5 38. Rd6 Kf5 39. Rxb6 g5 40. Rb7 gxf4+ 41. exf4 Ke4 42. a4 Rh1 43. a5 Ra1
44. Rb4+ d4 45. Ra4 Rb1 46. Ra3 d3 47. a6 d2 48. a7 Rg1+ 49. Kf2 d1=Q 50. a8=Q+
Kxf4 51. Ra4+ Kxe5 52. Qb8+ Kf6 53. Rf4+ Ke7 54. Qf8+ Kd7 55. Rf7+ Kc6 56. Qc8+
1-0

[Event "M11"]
[Site "?"]
[Date "2021.08.01"]
[Round "1"]
[White "Hansch, Torsten"]
[Black "Prieb, Robert"]
[Result "1-0"]
[ECO "D95"]
[WhiteElo "2096"]
[BlackElo "2040"]
[Annotator ",martin-koller@seznam"]
[PlyCount "149"]
[TimeControl "240+2"]

{600MB, Fritz10.ctg} 1. d4 Nf6 2. c4 g6 3. Nc3 d5 4. e3 Bg7 5. Nf3 O-O 6. Qb3
e6 7. Bd2 b6 8. cxd5 exd5 9. Rc1 Bb7 10. Be2 Nbd7 11. O-O Qb8 12. Rfd1 c5 13.
dxc5 bxc5 14. Be1 Rd8 15. Na4 Ne4 16. Nd2 c4 17. Qc2 Ndc5 18. Nxc5 Nxc5 19. b3
c3 20. Nb1 d4 21. exd4 Be4 22. Qxc3 Ne6 23. Qe3 Qb7 24. d5 Bxd5 25. Rxd5 Qxd5
26. Bf3 Bd4 27. Qd2 Qe5 28. Bxa8 Bb2 29. Qa5 Qf6 30. Rc2 Rxa8 31. Bc3 Rd8 32.
Rd2 Rxd2 33. Bxd2 Qd4 34. Qb5 Qe4 35. Qf1 Nd4 36. Be3 Ne2+ 37. Kh1 Qd3 38. Nd2
Bc1 39. Qe1 Bxd2 40. Bxd2 f5 41. h3 f4 42. Bxf4 Nxf4 43. Qe8+ Kg7 44. Qe5+ Kg8
45. Qb8+ Kg7 46. Qe5+ Kg8 47. Qb8+ Kg7 48. Qxf4 Qb1+ 49. Kh2 Qxa2 50. b4 Qa6
51. g4 Qb7 52. h4 Qe7 53. Kg3 h6 54. g5 hxg5 55. hxg5 Kg8 56. Kf3 Qb7+ 57. Ke3
Qe7+ 58. Kd3 Kh7 59. Kc4 Qe6+ 60. Kc5 Qb6+ 61. Kc4 Qe6+ 62. Kc3 Qe1+ 63. Kb3
Qd1+ 64. Kc4 Qe2+ 65. Kc5 Qe7+ 66. Kc6 Qe6+ 67. Kb7 Qb6+ 68. Ka8 a5 69. Qf7+
Kh8 70. Qf8+ Kh7 71. Qf7+ Kh8 72. Qe8+ Kh7 73. Qd7+ Kh8 74. b5 a4 75. Qc6 neèitelné 1-0

[Event "K11"]
[Site "?"]
[Date "2021.08.01"]
[Round "1"]
[White "Thomasson, Staffan"]
[Black "Hapke, Ralf"]
[Result "1-0"]
[ECO "B38"]
[WhiteElo "1881"]
[BlackElo "1809"]
[Annotator ",martin-koller@seznam"]
[PlyCount "35"]
[TimeControl "240+2"]

{600MB, Fritz10.ctg} 1. c4 g6 2. Nf3 Bg7 3. e4 c5 4. d4 cxd4 5. Nxd4 Nc6 6. Be3
e6 7. Nc3 a6 8. Be2 Nge7 9. O-O d5 10. exd5 exd5 11. cxd5 Nxd5 12. Nxd5 Qxd5
13. Bf3 Qd7 14. Nxc6 bxc6 15. Bc5 Qxd1 16. Raxd1 Bb7 17. Rfe1+ Be5 18. Rxe5#
1-0

[Event "K11"]
[Site "?"]
[Date "2021.08.01"]
[Round "1"]
[White "Gubin, Michail"]
[Black "Schoenmakers, Nico"]
[Result "1-0"]
[ECO "A03"]
[WhiteElo "1847"]
[BlackElo "1822"]
[Annotator ",martin-koller@seznam"]
[PlyCount "91"]
[TimeControl "240+2"]

{600MB, Fritz10.ctg} 1. f4 d5 2. g3 Nd7 3. Nf3 e6 4. Bg2 c5 5. d3 b6 6. Nc3 Bb7
7. O-O Ngf6 8. Qe1 d4 9. Nd1 Be7 10. a4 a6 11. e4 dxe3 12. Nxe3 O-O 13. g4 Nd5
14. Nc4 Qc7 15. Nce5 Nxe5 16. fxe5 Rac8 17. g5 c4 18. d4 c3 19. b3 Nb4 20. Qe2
a5 21. Rd1 Rfd8 22. h4 g6 23. Nh2 Bxg2 24. Qxg2 Qc6 25. Qe2 Rd7 26. Ba3 Rcd8
27. Bxb4 axb4 28. Nf3 Qd5 29. Rd3 Bf8 30. Qe3 Ra8 31. Nh2 b5 32. Ng4 Bg7 33. a5
Rda7 34. Qf4 Qb7 35. Rad1 Rxa5 36. d5 exd5 37. Rxd5 Qb6+ 38. Kg2 Ra1 39. Qf3
Rxd1 40. Qxd1 Qc6 41. Qf3 Qa6 42. Rd7 Rf8 43. Qd5 Qe6 44. Qxe6 fxe6 45. Re7 Rd8
46. Rxe6 neèitelné 1-0

[Event "K11"]
[Site "?"]
[Date "2021.08.01"]
[Round "1"]
[White "Reichmann, Steffen"]
[Black "Hozda, Max"]
[Result "1/2-1/2"]
[ECO "B11"]
[WhiteElo "1957"]
[BlackElo "1701"]
[Annotator ",martin-koller@seznam"]
[PlyCount "51"]
[TimeControl "240+2"]

{600MB, Fritz10.ctg} 1. e4 c6 2. Nc3 d5 3. Nf3 dxe4 4. Nxe4 Bf5 5. Ng3 Bg6 6.
h4 h6 7. h5 Bh7 8. Bc4 e6 9. d3 Nf6 10. Bf4 Bd6 11. Qd2 Bxf4 12. Qxf4 O-O 13.
O-O Nd5 14. Bxd5 cxd5 15. Rfe1 Nc6 16. Re2 Qb6 17. b3 Rac8 18. a3 a5 19. Rae1
Qc5 20. a4 Qb4 21. Qe3 Rc7 22. Rd1 Rfc8 23. Rdd2 Qd6 24. Qb6 Qb4 25. Qe3 Qc3
26. Qf4 1/2-1/2

[Event "K11"]
[Site "?"]
[Date "2021.08.01"]
[Round "1"]
[White "Nelson, Wayne"]
[Black "Schimmer, Michael"]
[Result "0-1"]
[ECO "D03"]
[WhiteElo "1929"]
[BlackElo "1799"]
[Annotator ",martin-koller@seznam"]
[PlyCount "108"]
[TimeControl "240+2"]

{600MB, Fritz10.ctg} 1. d4 Nf6 2. Bg5 e6 3. Nf3 d5 4. e3 Be7 5. Bd3 O-O 6. Nbd2
c5 7. c3 Nbd7 8. O-O b6 9. Qe2 Bb7 10. h3 Rc8 11. a4 Ne4 12. Bxe7 Qxe7 13. Ba6
Bxa6 14. Qxa6 Nxd2 15. Nxd2 Nb8 16. Qd3 Nc6 17. f4 Rfd8 18. Kh2 Qc7 19. Kh1 f6
20. Qe2 e5 21. fxe5 fxe5 22. Qg4 Qd7 23. Qg3 exd4 24. cxd4 cxd4 25. exd4 Nxd4
26. Qd3 Nc2 27. Rac1 Nb4 28. Qb3 a5 29. Nf3 Qd6 30. Nd4 Rxc1 31. Rxc1 Kh8 32.
Qe3 Qf6 33. Re1 h6 34. b3 Rc8 35. Qe6 Rf8 36. Qxf6 Rxf6 37. Re8+ Kh7 38. Kg1
Kg6 39. Nf3 Nd3 40. Rd8 Nf4 41. Rg8 Nxh3+ 42. Kf1 Ng5 43. Kf2 Nxf3 44. gxf3 Rd6
45. Ke3 Kf7 46. Rb8 Kf6 47. Kd4 h5 48. Rf8+ Ke7 49. Rb8 h4 50. Rh8 Rh6 51. Rg8
Kf7 52. Rc8 h3 53. Rc1 h2 54. Rh1 Ke6 0-1

[Event "K11"]
[Site "?"]
[Date "2021.08.01"]
[Round "1"]
[White "Spindler, Markus"]
[Black "Becvar, Pavel"]
[Result "1-0"]
[ECO "C51"]
[WhiteElo "1940"]
[BlackElo "1679"]
[Annotator ",martin-koller@seznam"]
[PlyCount "155"]
[TimeControl "240+2"]

{600MB, Fritz10.ctg} 1. e4 e5 2. Nf3 Nc6 3. Bc4 Bc5 4. b4 Bxb4 5. c3 Be7 6. d4
exd4 7. O-O d6 8. Qb3 Na5 9. Bxf7+ Kf8 10. Qa4 Kxf7 11. Qxa5 Nf6 12. cxd4 c5
13. Ng5+ Kf8 14. Qxd8+ Bxd8 15. dxc5 dxc5 16. Nc3 b6 17. Rd1 Be7 18. Nd5 Nxd5
19. Rxd5 h6 20. Nf3 Be6 21. Rd1 Bg4 22. Bb2 Bxf3 23. gxf3 Rd8 24. Rxd8+ Bxd8
25. Rd1 Ke8 26. Kf1 Rg8 27. f4 g6 28. Be5 Rf8 29. Ke2 Rf7 30. Rd6 g5 31. Re6+
Kd7 32. f5 h5 33. f3 Be7 34. Rg6 Bd8 35. h3 Rh7 36. Ke3 b5 37. Rd6+ Ke8 38.
Re6+ Kd7 39. Bf6 Bxf6 40. Rxf6 g4 41. hxg4 hxg4 42. Ra6 Ke8 43. fxg4 Rh3+ 44.
Kf4 c4 45. Rxa7 c3 46. f6 c2 47. Rc7 Rh2 48. e5 Kd8 49. Rc5 Kd7 50. f7 Rf2+ 51.
Ke3 Rxf7 52. Rxc2 Rg7 53. Kf4 Rf7+ 54. Ke4 Rg7 55. Kf5 Rf7+ 56. Kg6 Rf4 57. Kg5
Rf1 58. Rb2 Kc6 59. e6 Kd6 60. Rxb5 Kxe6 61. a4 Rf8 62. Rf5 Rg8+ 63. Kf4 Rh8
64. a5 Rh7 65. Rh5 Rf7+ 66. Ke4 Rf1 67. Rh6+ Kf7 68. a6 Ra1 69. Rb6 Ra4+ 70.
Kf5 Ra5+ 71. Kf4 Ra4+ 72. Kg5 Ke8 73. Kh5 Kd8 74. g5 Kc7 75. Rf6 Ra1 76. Kh6
Rh1+ 77. Kg7 Kb8 78. g6 1-0

[Event "M11"]
[Site "?"]
[Date "2021.08.01"]
[Round "2"]
[White "Hansch, Stephan"]
[Black "Hanl, Frantisek"]
[Result "1/2-1/2"]
[ECO "E97"]
[WhiteElo "2149"]
[BlackElo "2155"]
[Annotator ",martin-koller@seznam"]
[PlyCount "30"]
[TimeControl "240+2"]

{600MB, Fritz10.ctg} 1. d4 Nf6 2. c4 g6 3. Nc3 Bg7 4. e4 d6 5. Nf3 O-O 6. Be2
e5 7. Be3 Ng4 8. Bg5 f6 9. Bc1 Nc6 10. O-O f5 11. dxe5 Ngxe5 12. exf5 Bxf5 13.
Be3 Qd7 14. Qd2 Be6 15. Nxe5 Nxe5 1/2-1/2

[Event "M11"]
[Site "?"]
[Date "2021.08.01"]
[Round "2"]
[White "Hansch, Karsten"]
[Black "Wüst, Klaus"]
[Result "1-0"]
[ECO "C54"]
[WhiteElo "2300"]
[BlackElo "1999"]
[Annotator ",martin-koller@seznam"]
[PlyCount "57"]
[TimeControl "240+2"]

{600MB, Fritz10.ctg} 1. e4 e5 2. Nf3 Nc6 3. Bc4 Bc5 4. c3 Nf6 5. d4 exd4 6. e5
d5 7. Bb5 Ne4 8. cxd4 Bb6 9. Nc3 O-O 10. Be3 Nxc3 11. bxc3 Ne7 12. Bd3 Bf5 13.
O-O Qd7 14. Nh4 Bxd3 15. Qxd3 Qg4 16. g3 Qe4 17. Qd2 Nf5 18. Nxf5 Qxf5 19. Qe2
h5 20. f4 Rac8 21. a4 c5 22. a5 cxd4 23. axb6 dxe3 24. bxa7 Rxc3 25. a8=Q Rxa8
26. Rxa8+ Kh7 27. Rd8 g6 28. Qb5 Rc2 29. Qe8 1-0

[Event "M11"]
[Site "?"]
[Date "2021.08.01"]
[Round "2"]
[White "Vesely, Jaromir"]
[Black "Prieb, Robert"]
[Result "0-1"]
[ECO "D85"]
[WhiteElo "1947"]
[BlackElo "2040"]
[Annotator ",martin-koller@seznam"]
[PlyCount "94"]
[TimeControl "240+2"]

{600MB, Fritz10.ctg} 1. d4 Nf6 2. c4 g6 3. Nc3 d5 4. cxd5 Nxd5 5. e4 Nxc3 6.
bxc3 Bg7 7. Be3 c5 8. Qd2 Qa5 9. Rd1 cxd4 10. cxd4 Qxd2+ 11. Rxd2 O-O 12. Bc4
Nc6 13. Ne2 Na5 14. Bd3 Bd7 15. O-O Rfc8 16. Rc1 Ba4 17. f3 Rxc1+ 18. Nxc1 Rc8
19. Ne2 Nc4 20. Bxc4 Rxc4 21. d5 a6 22. Bd4 Bxd4+ 23. Nxd4 Kf8 24. Kf2 Ke8 25.
g4 Kd7 26. h4 Kd6 27. Ke3 Kc5 28. Ne2 Bd7 29. Ng3 b5 30. g5 a5 31. h5 Kb4 32.
hxg6 hxg6 33. Kf4 Ka3 34. Ke5 Rc3 35. d6 exd6+ 36. Rxd6 Be6 37. Ne2 b4 38. f4
Bxa2 39. Nxc3 bxc3 40. f5 gxf5 41. exf5 c2 42. Rc6 Kb2 43. Kd4 a4 44. g6 fxg6
45. fxg6 c1=Q 46. Rxc1 Kxc1 47. Kc3 a3 0-1

[Event "K11"]
[Site "?"]
[Date "2021.08.01"]
[Round "2"]
[White "Reichmann, Steffen"]
[Black "Spindler, Markus"]
[Result "1-0"]
[ECO "C00"]
[WhiteElo "1957"]
[BlackElo "1940"]
[Annotator ",martin-koller@seznam"]
[PlyCount "33"]
[TimeControl "240+2"]

{600MB, Fritz10.ctg} 1. e4 e6 2. Nf3 d5 3. e5 c5 4. b4 d4 5. bxc5 Bxc5 6. Ba3
b6 7. Bb5+ Bd7 8. Qe2 Nc6 9. Bxc5 bxc5 10. Na3 Nh6 11. Qe4 Qc7 12. Bd3 Rb8 13.
Nb5 Rxb5 14. Bxb5 Nxe5 15. Qxe5 Qxe5+ 16. Nxe5 Bxb5 17. Rb1 1-0

[Event "K11"]
[Site "?"]
[Date "2021.08.01"]
[Round "2"]
[White "Schimmer, Michael"]
[Black "Thomasson, Staffan"]
[Result "0-1"]
[ECO "B15"]
[WhiteElo "1798"]
[BlackElo "1881"]
[Annotator ",martin-koller@seznam"]
[PlyCount "48"]
[TimeControl "240+2"]

{600MB, Fritz10.ctg} 1. e4 g6 2. d4 c6 3. Nc3 d5 4. h3 dxe4 5. Nxe4 Bg7 6. Nf3
Nf6 7. Nxf6+ exf6 8. Bc4 O-O 9. O-O Be6 10. Bxe6 fxe6 11. Re1 Re8 12. c3 b5 13.
Qb3 Qd5 14. Qxd5 cxd5 15. Bf4 Nc6 16. a4 b4 17. Rac1 bxc3 18. Rxc3 Nxd4 19.
Nxd4 e5 20. Bxe5 fxe5 21. Nb5 Re7 22. Rc5 Rd7 23. Nc7 Rc8 24. b4 Rcxc7 0-1

[Event "K11"]
[Site "?"]
[Date "2021.08.01"]
[Round "2"]
[White "Hapke, Ralf"]
[Black "Gubin, Michail"]
[Result "0-1"]
[ECO "B23"]
[WhiteElo "1809"]
[BlackElo "1847"]
[Annotator ",martin-koller@seznam"]
[PlyCount "46"]
[TimeControl "240+2"]

{600MB, Fritz10.ctg} 1. e4 c5 2. Nc3 Nc6 3. Bb5 e6 4. Bxc6 bxc6 5. d3 Nf6 6.
Nf3 h6 7. O-O Be7 8. b3 O-O 9. Ba3 d5 10. Re1 Nd7 11. Qe2 d4 12. Na4 e5 13.
Rad1 Bd6 14. Nd2 Nb6 15. Nb2 Be6 16. f4 exf4 17. e5 Be7 18. Qe4 Nd5 19. Ra1 Ne3
20. Rxe3 Bd5 21. Qxf4 Bg5 22. Qxg5 Qxg5 23. Ree1 Qxg2# 0-1

[Event "K11"]
[Site "?"]
[Date "2021.08.01"]
[Round "2"]
[White "Becvar, Pavel"]
[Black "Nelson, Wayne"]
[Result "1/2-1/2"]
[ECO "B17"]
[WhiteElo "1679"]
[BlackElo "1929"]
[Annotator ",martin-koller@seznam"]
[PlyCount "69"]
[TimeControl "240+2"]

{600MB, Fritz10.ctg} 1. e4 c6 2. d4 d5 3. Nc3 dxe4 4. Nxe4 Nd7 5. Bc4 e6 6. Qe2
Nb6 7. Nf3 Nxc4 8. Qxc4 Nf6 9. Bg5 Be7 10. Bxf6 Bxf6 11. Nxf6+ Qxf6 12. Qc5 Qe7
13. Qxe7+ Kxe7 14. O-O-O b6 15. Rhe1 Bb7 16. c3 Rac8 17. Ne5 Rhd8 18. Re3 c5
19. dxc5 Rxd1+ 20. Kxd1 Rxc5 21. g3 Rd5+ 22. Kc2 Rd8 23. f4 g6 24. b4 h5 25. a4
Rg8 26. Kb3 f6 27. Nf3 Bxf3 28. Rxf3 g5 29. Kc4 gxf4 30. Rxf4 Rg4 31. Kd3 Rxf4
32. gxf4 Kd6 33. Kd4 Kc6 34. h4 Kc7 35. Kc4 1/2-1/2

[Event "K11"]
[Site "?"]
[Date "2021.08.01"]
[Round "2"]
[White "Hozda, Max"]
[Black "Schoenmakers, Nico"]
[Result "1/2-1/2"]
[ECO "D45"]
[WhiteElo "1701"]
[BlackElo "1822"]
[Annotator ",martin-koller@seznam"]
[PlyCount "120"]
[TimeControl "240+2"]

{600MB, Fritz10.ctg} 1. d4 d5 2. c4 e6 3. Nc3 c6 4. e3 Nf6 5. Nf3 Nbd7 6. b3
Bb4 7. Bd2 Be7 8. Bd3 O-O 9. O-O c5 10. cxd5 exd5 11. Bc1 a6 12. Bb2 b5 13.
dxc5 Nxc5 14. Rc1 Nxd3 15. Qxd3 Bb7 16. Rfd1 Qb6 17. Ne2 Rac8 18. Ned4 Ne4 19.
Nd2 Bf6 20. Nxe4 dxe4 21. Qb1 Rfe8 22. Nf5 Rxc1 23. Rxc1 Bc8 24. Bxf6 Qxf6 25.
Nd4 Bd7 26. Rc7 Qd6 27. Qc1 g6 28. h3 h5 29. Qc5 Qxc5 30. Rxc5 Rc8 31. Rxc8+
Bxc8 32. Kf1 Kf8 33. h4 Ke7 34. f3 exf3 35. gxf3 Kd6 36. Ke2 f6 37. b4 Bd7 38.
e4 g5 39. Ke3 Ke5 40. f4+ gxf4+ 41. Kd3 f5 42. Nf3+ Kf6 43. e5+ Ke6 44. Kd4 Bc6
45. Ng5+ Ke7 46. Kd3 Bg2 47. Ke2 Be4 48. Nh3 Ke6 49. Nxf4+ Kxe5 50. Ke3 Bd5 51.
Nd3+ Kd6 52. a3 Kc6 53. Kd4 Be4 54. Nf4 Bf3 55. Ke5 Bg4 56. Ne6 Kb6 57. Nf4 a5
58. Nd5+ Ka6 59. Ne3 axb4 60. axb4 Kb6 1/2-1/2

[Event "M11"]
[Site "?"]
[Date "2021.08.02"]
[Round "3"]
[White "Wust, Klaus"]
[Black "Hansch, Stephan"]
[Result "1/2-1/2"]
[ECO "B51"]
[WhiteElo "1999"]
[BlackElo "2149"]
[Annotator ",martin-koller@seznam"]
[PlyCount "29"]
[TimeControl "240+2"]

{600MB, Fritz10.ctg} 1. e4 c5 2. Nf3 d6 3. Bb5+ Nd7 4. d4 cxd4 5. Qxd4 a6 6.
Bxd7+ Bxd7 7. Nc3 Nf6 8. Bg5 e6 9. O-O-O Be7 10. e5 dxe5 11. Nxe5 Bc6 12. Nxc6
bxc6 13. Qxd8+ Rxd8 14. Rxd8+ Kxd8 15. Rd1+ 1/2-1/2

[Event "M11"]
[Site "?"]
[Date "2021.08.02"]
[Round "3"]
[White "Hansch, Torsten"]
[Black "Hentzgen, Thomas"]
[Result "1/2-1/2"]
[ECO "A90"]
[WhiteElo "2096"]
[BlackElo "2024"]
[Annotator ",martin-koller@seznam"]
[PlyCount "27"]
[TimeControl "240+2"]

{600MB, Fritz10.ctg} 1. d4 e6 2. c4 f5 3. Nf3 Nf6 4. g3 d5 5. b3 c6 6. Bg2 Bd6
7. O-O Qe7 8. Ne5 b6 9. Qc2 Bb7 10. Nd3 O-O 11. Bf4 Nbd7 12. Bxd6 Qxd6 13. Nd2
Rac8 14. cxd5 1/2-1/2

[Event "M11"]
[Site "?"]
[Date "2021.08.02"]
[Round "3"]
[White "Hanl, Frantisek"]
[Black "Vesely, Jaromir"]
[Result "1-0"]
[ECO "A10"]
[WhiteElo "2155"]
[BlackElo "1947"]
[Annotator ",martin-koller@seznam"]
[PlyCount "45"]
[TimeControl "240+2"]

{600MB, Fritz10.ctg} 1. b3 e6 2. Bb2 f5 3. e3 Nf6 4. Nf3 d5 5. c4 c6 6. Be2 Bd6
7. d4 O-O 8. Nbd2 Bd7 9. Ne5 Be8 10. Qc2 Nbd7 11. cxd5 cxd5 12. Rc1 Bh5 13. f3
Qb6 14. Qd3 Rac8 15. O-O f4 16. Nxd7 Nxd7 17. e4 Ne5 18. Qb5 Nc6 19. Qxb6 axb6
20. e5 Be7 21. a3 Bg6 22. b4 Rc7 23. b5 1-0

[Event "M11"]
[Site "?"]
[Date "2021.08.02"]
[Round "3"]
[White "Prieb, Robert"]
[Black "Hurtak, Otto"]
[Result "1-0"]
[ECO "D34"]
[WhiteElo "2040"]
[BlackElo "2033"]
[Annotator ",martin-koller@seznam"]
[PlyCount "77"]
[TimeControl "240+2"]

{600MB, Fritz10.ctg} 1. d4 d5 2. c4 e6 3. Nf3 c5 4. cxd5 exd5 5. Nc3 Nc6 6. g3
Nf6 7. Bg2 Be7 8. O-O O-O 9. Bg5 c4 10. Ne5 Be6 11. f4 h6 12. Bxf6 Bxf6 13. e3
Ne7 14. a4 a6 15. g4 Bxe5 16. dxe5 g6 17. Qf3 Qd7 18. h3 Rad8 19. Rad1 f5 20.
exf6 Rxf6 21. e4 d4 22. e5 Rff8 23. Ne4 Bd5 24. Rxd4 Bxe4 25. Rxe4 b5 26. Qg3
Kh7 27. Kh2 Qd3 28. Re3 Qd4 29. axb5 axb5 30. Rf2 b4 31. Be4 c3 32. bxc3 bxc3
33. f5 Nd5 34. Bxd5 Qxd5 35. f6 Rb8 36. Qf3 Qc5 37. Rc2 Rb2 38. Rxb2 cxb2 39.
Qb7+ 1-0

[Event "M11"]
[Site "?"]
[Date "2021.08.02"]
[Round "3"]
[White "Hartwig, Maik"]
[Black "Hansch, Karsten"]
[Result "0-1"]
[ECO "A01"]
[WhiteElo "2099"]
[BlackElo "2300"]
[Annotator ",martin-koller@seznam"]
[PlyCount "112"]
[TimeControl "240+2"]

{600MB, Fritz10.ctg} 1. g3 d5 2. Bg2 Nf6 3. b3 e6 4. Bb2 Be7 5. e3 O-O 6. Ne2
b6 7. O-O Bb7 8. d3 c5 9. Nd2 Nc6 10. a3 Qc7 11. h3 Rfd8 12. Qe1 Rac8 13. f4
Ba6 14. e4 c4 15. e5 cxd3 16. cxd3 Bc5+ 17. Kh2 Nd7 18. b4 Bxb4 19. axb4 Nxb4
20. Rxa6 Nxa6 21. Nd4 Nb4 22. Qe3 Nc2 23. Nxc2 Qxc2 24. Bd4 Nc5 25. f5 exf5 26.
Bxc5 Qxc5 27. Qf4 Qc3 28. Qxf5 Qxd2 29. Qxf7+ Kh8 30. e6 Qb4 31. Qxa7 Qd6 32.
Rf7 Qxe6 33. Rxg7 Qf5 34. Rg4 Qf6 35. Rf4 Qg7 36. Qxb6 Rg8 37. Rg4 Qe5 38. d4
Qf5 39. Rxg8+ Rxg8 40. Qd6 Qg5 41. h4 Qg7 42. Qf4 Rd8 43. h5 Rf8 44. Qd6 Rf5
45. Bh3 Rf2+ 46. Bg2 Qxd4 47. Qd8+ Kg7 48. Qe7+ Kh6 49. Qe6+ Rf6 50. Qe7 Rf2
51. Qe6+ Kxh5 52. Kh3 Rf6 53. Qe8+ Kh6 54. Qc8 Qe5 55. Qc1+ Kg7 56. Qc8 Qh5#
0-1

[Event "K11"]
[Site "?"]
[Date "2021.08.02"]
[Round "3"]
[White "Schoenmakers, Nico"]
[Black "Hapke, Ralf"]
[Result "1/2-1/2"]
[ECO "C01"]
[WhiteElo "1822"]
[BlackElo "1809"]
[Annotator ",martin-koller@seznam"]
[PlyCount "31"]
[TimeControl "240+2"]

{600MB, Fritz10.ctg} 1. e4 e6 2. d4 d5 3. exd5 exd5 4. Nf3 Nf6 5. h3 Bf5 6. Bd3
Bxd3 7. Qxd3 Bb4+ 8. c3 Be7 9. O-O O-O 10. Re1 Ne4 11. Nbd2 Nxd2 12. Bxd2 Nd7
13. Re2 Nf6 14. Rae1 Ne4 15. Bc1 Re8 16. a3 1/2-1/2

[Event "K11"]
[Site "?"]
[Date "2021.08.02"]
[Round "3"]
[White "Gubin, Michail"]
[Black "Schimmer, Michael"]
[Result "1-0"]
[ECO "B23"]
[WhiteElo "1847"]
[BlackElo "1798"]
[Annotator ",martin-koller@seznam"]
[PlyCount "67"]
[TimeControl "240+2"]

{600MB, Fritz10.ctg} 1. e4 d6 2. Bc4 Nf6 3. Nc3 c5 4. f4 Nc6 5. a3 g6 6. Nf3
Bg7 7. O-O O-O 8. d3 a6 9. h3 b5 10. Ba2 b4 11. Ne2 bxa3 12. Rb1 Nb4 13. Bb3
axb2 14. Bxb2 a5 15. c3 Nc6 16. g4 Ba6 17. Ng3 Rb8 18. Ba2 Qc7 19. Ng5 c4 20.
d4 e6 21. Ba3 Na7 22. e5 Rxb1 23. Bxb1 Ne8 24. f5 Bh6 25. N3e4 exf5 26. gxf5
Nb5 27. fxg6 hxg6 28. exd6 Nexd6 29. Qg4 Kg7 30. Nxd6 Nxd6 31. Ne6+ fxe6 32.
Qxg6+ Kh8 33. Qxh6+ Qh7 34. Rxf8# 1-0

[Event "K11"]
[Site "?"]
[Date "2021.08.02"]
[Round "3"]
[White "Nelson, Wayne"]
[Black "Reichmann, Steffen"]
[Result "1-0"]
[ECO "A80"]
[WhiteElo "1929"]
[BlackElo "1957"]
[Annotator ",martin-koller@seznam"]
[PlyCount "87"]
[TimeControl "240+2"]

{600MB, Fritz10.ctg} 1. d4 d6 2. Nf3 f5 3. Nc3 Nf6 4. Bg5 Ne4 5. Nxe4 fxe4 6.
Nd2 d5 7. e3 g6 8. c4 c6 9. Qb3 Qa5 10. Qc3 Qxc3 11. bxc3 Bg7 12. Be2 b6 13.
O-O Ba6 14. Rfe1 e6 15. Rac1 b5 16. cxd5 exd5 17. f3 exf3 18. Bxf3 O-O 19. e4
b4 20. exd5 bxc3 21. Nb3 Bc4 22. dxc6 Rxf3 23. gxf3 Bxb3 24. axb3 Bxd4+ 25. Be3
Nxc6 26. Bxd4 Nxd4 27. Rxc3 a5 28. Kg2 a4 29. bxa4 Rxa4 30. Re7 Ra2+ 31. Kh3
Ra8 32. Rcc7 Nxf3 33. Rg7+ Kh8 34. Rxh7+ Kg8 35. Rcg7+ Kf8 36. Rxg6 Ra3 37. Kg2
Ne5 38. Rb6 Kg8 39. Re7 Ra2+ 40. Kf1 Ra1+ 41. Ke2 Ra2+ 42. Kd1 Rd2+ 43. Kc1 Nd7
44. Rb7 1-0

[Event "K11"]
[Site "?"]
[Date "2021.08.02"]
[Round "3"]
[White "Spindler, Markus"]
[Black "Hozda, Max"]
[Result "0-1"]
[ECO "B12"]
[WhiteElo "1940"]
[BlackElo "1701"]
[Annotator ",martin-koller@seznam"]
[PlyCount "86"]
[TimeControl "240+2"]

{600MB, Fritz10.ctg} 1. e4 c6 2. d4 d5 3. e5 Bf5 4. h4 h5 5. c4 e6 6. Nc3 Nd7
7. Nf3 dxc4 8. Bxc4 Nb6 9. Bd3 Bg4 10. Be3 Ne7 11. Qc2 Bxf3 12. gxf3 Ned5 13.
a3 Nxc3 14. bxc3 Be7 15. Rg1 g6 16. Bg5 Bxg5 17. Rxg5 Qe7 18. Qb3 O-O-O 19. Rb1
c5 20. a4 cxd4 21. a5 Nd5 22. cxd4 Kb8 23. a6 b6 24. Kd2 Rc8 25. Bc4 Rhd8 26.
Rc1 Qb4+ 27. Qxb4 Nxb4 28. Ke3 b5 29. Rgg1 Rxc4 30. Rxc4 Nd5+ 31. Kd3 bxc4+ 32.
Kxc4 Kc7 33. Rc1 Rb8 34. Kd3+ Kd7 35. Ke4 Rb1 36. Rc5 Rb3 37. Rc2 Rb6 38. Rc5
Rxa6 39. Rc1 Ra3 40. Rc2 a5 41. Rb2 Kc7 42. Rc2+ Rc3 43. Ra2 Re3+ 0-1